 Dungeon Crawl Stone Soup version 0.26-a0-466-g989023bd0d (webtiles) character file.

Game seed: 17904577746081912421

88 Lanoc the Grasshopper (level 4, 0/45 HPs)
             Began as a Halfling Warper on Aug 13, 2020.
             Slain by an orc priest
             ... wielding a +0 short sword
              (1 damage)
             ... on level 3 of the Dungeon.
             The game lasted 00:03:17 (2520 turns).

Lanoc the Grasshopper (Halfling Warper)             Turns: 2520, Time: 00:03:17

Health: 0/45       AC:  3    Str: 12    XL:     4   Next: 81%
Magic:  6/6        EV: 15    Int: 12    God:
Gold:   107        SH:  0    Dex: 13    Spells: 4/6 levels left

rFire    . . .     SeeInvis .   a - +0 falchion
rCold    . . .     Faith    .   (shield restricted)
rNeg     + . .     Spirit   .   b - +0 leather armour
rPois    .         Reflect  .   (no helmet)
rElec    .         Harm     .   (no cloak)
rCorr    .         Rnd*Tele +   (no gloves)
MR       .....                  (no boots)
Stlth    ..........             (no amulet)
HPRegen  0.15/turn              g - ring of teleportation (curse)
MPRegen  0.10/turn              k - ring of positive energy

@: berserking, very quick
A: small, mutation resistance 1
a: no special abilities


You were on level 3 of the Dungeon.
You visited 1 branch of the dungeon, and saw 3 of its levels.

You collected 107 gold pieces.

Inventory:

Hand Weapons
 a - a +0 falchion (weapon)
Missiles
 c - 60 stones
 e - 4 boomerangs of dispersal (quivered)
Armour
 b - a +0 leather armour (worn)
Jewellery
 g - a cursed ring of teleportation (left hand)
 k - a ring of positive energy (right hand)
Scrolls
 d - 3 scrolls of blinking
 f - 3 scrolls of identify {unknown}
 i - 2 scrolls of immolation {unknown}
 j - a scroll of teleportation {unknown}
 n - 2 scrolls of enchant weapon {unknown}
Potions
 l - a potion of mutation
 m - a potion of lignification {unknown}
 o - a potion of invisibility
 p - a potion of brilliance {unknown}


   Skills:
 + Level 2.5 Fighting
 - Level 2.0 Long Blades
 - Level 1.0 Throwing
 + Level 2.3 Armour
 + Level 3.2 Dodging
 - Level 1.5 Spellcasting
 * Level 4.0 Translocations


You had 4 spell levels left.
You knew the following spells:

 Your Spells              Type           Power        Failure   Level
a - Blink                 Tloc           N/A          11%         2

Your spell library contained the following spells:

 Spells                   Type           Power        Failure   Level
 Gell's Gravitas          Tloc           ##........   21%         3
 Lesser Beckoning         Tloc           ##........   21%         3
 Teleport Other           Tloc           ##......     21%         3
 Passage of Golubria      Tloc           N/A          56%         4


Dungeon Overview and Level Annotations

Branches:
Dungeon (3/15)

Altars:
Wu Jian


Innate Abilities, Weirdness & Mutations

You are small and have problems with some larger weapons.
You are somewhat resistant to further mutation.


Message History

* * * LOW HITPOINT WARNING * * *
The jackal closely misses you.
You hit the orc priest but do no damage.
The orc priest is heavily wounded.
The orc priest mumbles some strange prayers to Beogh against you.
Pain shoots through your body!
* * * LOW HITPOINT WARNING * * *
The jackal bites you.
* * * LOW HITPOINT WARNING * * *
You closely miss the orc priest.
The orc priest is heavily wounded.
The jackal misses you.
The orc priest hits you with a +0 short sword.
* * * LOW HITPOINT WARNING * * *
You barely miss the orc priest.
The orc priest is heavily wounded.
The jackal bites you.
* * * LOW HITPOINT WARNING * * *
The orc priest hits you with a +0 short sword.
You die...

..### .†..# #
..#.####..###
†.....†....(.
..#..###..##.
..##.# ...
!$##... #
######.##
.#####..
###.h......
## .... #.o@#
# ..#.....†##
..........
........##
.##.....#
.......#
..#.....#
.##...###


You could see an orc priest and a jackal.

Vanquished Creatures
  2 adders
  2 oozes (D:1)
  A worm (D:2)
  2 dart slugs
  A leopard gecko (D:1)
  3 giant cockroaches
  6 hobgoblins
  2 jackals (D:3)
  10 kobolds
  A quokka (D:2)
  6 bats (D:1)
  4 frilled lizards
  7 goblins
  5 rats
52 creatures vanquished.

Notes
Turn   | Place    | Note
-------+----------+-------------------------------------------
     0 | D:1      | Lanoc the Halfling Warper began the quest for the Orb.
     0 | D:1      | Reached XP level 1. HP: 14/14 MP: 3/3
   505 | D:1      | Reached XP level 2. HP: 19/19 MP: 4/4
   757 | D:1      | Learned a level 2 spell: Blink
   798 | D:1      | Reached XP level 3. HP: 13/24 MP: 5/5
  1625 | D:2      | Reached XP level 4. HP: 20/30 MP: 6/6
  2050 | D:2      | Found an ornate altar of the Wu Jian Council.
  2482 | D:3      | Reached skill level 4 in Translocations
  2519 | D:3      | HP: 2/45 [orc priest/+0 short sword (3)]
  2520 | D:3      | Slain by an orc priest

Illustrated notes

Levels and vault maps discovered:
D:1:      dpeg_arrival_arbitrary_b, layout_basic
D:2:      layout_basic, lemuel_crystal_altar
D:3:      layout_rooms

Skill      XL: |  1  2  3  4 |
---------------+-------------+-----
Fighting       | 2 |  2.5
Armour         | 2 |  2.3
Dodging        | 3 |  3.2
Translocations | 4 |  4.0
Long Blades    | |  2.0
Throwing       | |  1.0
Spellcasting   | |  1.5

Action                   |  1- 3 |  4- 6 || total
-------------------------+-------+-------++-------
Melee: Falchion          |   104 |    65 ||   169
Throw: Boomerang         |       |     1 ||     1
  Use: Potion            |     3 |     1 ||     4
 Stab: Invisible         |     2 |       ||     2
Armor: Leather armour    |    20 |    18 ||    38
Dodge: Dodged            |   107 |    59 ||   166
       Rpst.: Falchion   |    32 |    24 ||    56

Table legend: (Time is in decaauts)
 A = Elapsed time spent in this place.
 B = Non-inter-level travel time spent in this place.
 C = Inter-level travel time spent in this place.
 D = Time resting spent in this place.
 E = Time spent auto-exploring this place.
 F = Levels seen in this place.
 G = Mean time per level.
                   A        B        C        D        E       F      G
               +--------+--------+--------+--------+--------+-----+--------+
         Total |   2551 |   2532 |     19 |      0 |   2126 |   3 |  850.3 |
       Dungeon |   2551 |   2532 |     19 |      0 |   2126 |   3 |  850.3 |
               +--------+--------+--------+--------+--------+-----+--------+

Top non-repeatable levels by time:
     D:1: 1613 daAuts
     D:2: 888 daAuts
     D:3: 49 daAuts
